[Event "Frauenbundesliga 2024-25"]
[Site "Germany"]
[Date "2025.02.15"]
[Round "5.7"]
[White "Tsolakidou, Stavroula"]
[Black "Batsiashvili, Nino"]
[Result "0-1"]
[Annotator "TA"]
[ECO "E51"]
[WhiteElo "2447"]
[BlackElo "2470"]
[PlyCount "98"]
[EventDate "2024.11.06"]
[EventType "team-tourn"]
[EventCountry "GER"]
[SourceTitle "playchess.com"]
[Source "ChessBase"]
[SourceQuality "1"]
[TimeControl "40/5400+30:1800+30"]

1. d4 Nf6 2. c4 e6 3. Nc3 Bb4 4. e3 O-O 5. Bd3 d5 6. a3 dxc4 7. Bxc4 Bd6 8. Nf3 Nc6 9. e4 e5 10. d5 {[%emt 0:00:43] E51: Nimzo-Indian: Rubinstein: 4...0-0 5 Nf3 d5.} Ne7 11. h3 h6 12. g4 $146 {[%emt 0:08:25] White is slightly better.} ({Predecessor:} 12. Be3 a6 13. Qd2 Bd7 14. g4 b5 15. Bb3 a5 16. g5 hxg5 17. Bxg5 Nh5 18. Rg1 {1-0 Lobanov,S (2520)-Kollars,D (2633) Titled Tuesday intern op 10th Oct Late blitz 2023 (4)}) 12... Nh7 13. Be3 (13. g5 {deserves consideration.}) 13... Ng6 $11 14. Qd2 a6 15. g5 (15. Be2 $11) 15... hxg5 $15 16. Nxg5 Nh4 $1 {[%emt 0:07:04] White must now prevent ...Nxg5.} 17. O-O-O Nxg5 $1 18. Bxg5 {[%emt 0:00:06] [#]} Nf3 $1 19. Bxd8 Nxd2 20. Rxd2 Rxd8 21. Be2 Kf8 22. Nd1 Ke7 23. Ne3 Bd7 24. Bg4 g6 25. Bxd7 Kxd7 26. Nc4 Rh8 27. Rd3 Rh4 28. Rf3 Ke7 29. Re1 Rah8 30. Rb3 b5 31. Nxd6 cxd6 $17 {[%emt 0:01:38][%mdl 4096] Endgame KRR-KRR} 32. Rc3 Kd7 {[%emt 0:00:18] Dodges Rc7+} 33. Ree3 Rf4 34. Re2 Rc8 $1 35. Rxc8 Kxc8 {[%emt 0:00:01] KR-KR} 36. Kd1 {[%emt 0:00:18] [#]} Rf3 $1 37. Rc2+ Kd7 38. Ke2 (38. h4 $17 {was called for.}) 38... Rxh3 $19 39. Rc6 Rb3 40. Rxa6 Rxb2+ 41. Kf3 {[%emt 0:31:17] [#]} f5 $1 {[%emt 0:30:54] Black is more active.} 42. Ra7+ Kc8 43. Rg7 (43. a4 $17) 43... Rb3+ 44. Ke2 fxe4 ({Don't do} 44... Rxa3 45. Rxg6 Ra2+ (45... fxe4 46. Rxd6 Rd3 47. f3 $17) 46. Ke1 $17) 45. Rxg6 $2 (45. Ra7) 45... Kc7 {[%emt 0:00:00] Black is clearly winning.} ({Inferior is} 45... Rxa3 46. Rxd6 Rd3 47. Re6 $11) 46. Rg3 {[%emt 0:00:00] [#]} Rd3 47. Rg4 (47. Rxd3 exd3+ 48. Kxd3 Kb6) (47. Rg1 Rxd5) 47... Rxa3 48. Rxe4 Kb6 49. f4 Ra4 {[%emt 0:00:00] Weighted Error Value: White=0.33/Black=0.04 (flawless)   Mistake:       	White=5     	---        Inaccurate:     	White=5     	Black=3      OK:         	White=11    	Black=16     Best:        	White=3     	Black=7      Strong:       	---       	Black=6} 0-1

[Event "Frauenbundesliga 2024-25"]
[Site "Germany"]
[Date "2025.02.15"]
[Round "5.7"]
[White "Peglau, Charis"]
[Black "Butenandt, Svenja"]
[Result "0-1"]
[Annotator "ChessBase"]
[ECO "A34"]
[WhiteElo "2203"]
[BlackElo "2147"]
[PlyCount "84"]
[EventDate "2024.11.06"]
[EventType "team-tourn"]
[EventCountry "GER"]
[SourceTitle "playchess.com"]
[Source "ChessBase"]
[SourceQuality "1"]
[TimeControl "40/5400+30:1800+30"]

1. Nf3 Nf6 2. c4 c5 3. Nc3 Nc6 4. g3 d5 5. cxd5 Nxd5 6. Bg2 Nc7 7. O-O e5 8. d3 Be7 9. Be3 O-O 10. Nd2 Bd7 11. Rc1 Rc8 12. a3 b6 13. Nc4 f6 14. Bd2 Nd4 15. Nd5 Nxd5 16. Bxd5+ Kh8 17. Bg2 Qe8 18. b3 Bg4 19. f3 Be6 20. e3 Nc6 21. f4 exf4 22. gxf4 Qg6 23. e4 Bg4 24. Qe1 Nd4 25. Rb1 Be2 26. f5 Qh5 27. Rb2 Bxf1 28. Qxf1 b5 29. Na5 Bd6 30. h3 Ne2+ 31. Kf2 Ng3 32. Qe1 Be5 33. Bc3 Qh4 34. Kg1 Bxc3 35. Qxc3 b4 36. axb4 cxb4 37. Qd2 Rc3 38. Qd1 Qf4 39. Nc4 Rc1 40. Rb1 Rxd1+ 41. Rxd1 Ne2+ 42. Kh1 Rd8 0-1

[Event "Frauenbundesliga 2024-25"]
[Site "Germany"]
[Date "2025.02.15"]
[Round "5.8"]
[White "Javakhishvili, Lela"]
[Black "Sliwicka, Alicja"]
[Result "1-0"]
[Annotator "ChessBase"]
[ECO "A13"]
[WhiteElo "2426"]
[BlackElo "2352"]
[PlyCount "137"]
[EventDate "2024.11.06"]
[EventType "team-tourn"]
[EventCountry "GER"]
[SourceTitle "playchess.com"]
[Source "ChessBase"]
[SourceQuality "1"]
[TimeControl "40/5400+30:1800+30"]

1. c4 e6 2. Nf3 d5 3. g3 Nf6 4. Bg2 d4 5. O-O Nc6 6. d3 Bc5 7. Nbd2 h6 8. Nb3 Be7 9. e3 e5 10. exd4 exd4 11. Re1 O-O 12. Bf4 a5 13. Ne5 Nxe5 14. Bxe5 Bb4 15. Re2 Bg4 16. f3 Bh5 17. a3 Be7 18. Kh1 Bg6 19. Bxd4 a4 20. Bc5 Bd6 21. Bxd6 Qxd6 22. Nc1 h5 23. d4 h4 24. Re5 Rae8 25. c5 Qd7 26. Ne2 Nd5 27. Qd2 f6 28. Rxe8 Rxe8 29. gxh4 Ne3 30. Nf4 Bf5 31. Rg1 c6 32. Bf1 Nxf1 33. Rxf1 Kf7 34. h5 Qe7 35. Kg2 Qd7 36. Kg3 Bh7 37. h4 Bf5 38. Rd1 Qe7 39. Qc3 Qe3 40. Qxe3 Rxe3 41. Kf2 Rb3 42. Rd2 Be6 43. Ne2 Bd5 44. Nc3 Kf8 45. Kg3 Bf7 46. Kg4 Be6+ 47. Kf4 Bd5 48. Rf2 Kf7 49. Kf5 Be6+ 50. Ke4 Bc4 51. f4 Be6 52. f5 Bc4 53. Rd2 Ke7 54. d5 Bxd5+ 55. Nxd5+ cxd5+ 56. Kxd5 Kd7 57. Rg2 Rd3+ 58. Kc4 Rh3 59. Kb5 Rxh4 60. Rxg7+ Kc8 61. Kb6 Rh2 62. h6 Rxh6 63. Rg8+ Kd7 64. Kxb7 Rh7 65. c6+ Kd6+ 66. Kb6 Rh2 67. Rd8+ Ke7 68. c7 Rxb2+ 69. Ka5 1-0

[Event "Frauenbundesliga 2024-25"]
[Site "Germany"]
[Date "2025.02.15"]
[Round "5.8"]
[White "Gueci, Tea"]
[Black "Roessler, Ulrike"]
[Result "1-0"]
[Annotator "ChessBase"]
[ECO "B51"]
[WhiteElo "2198"]
[BlackElo "2021"]
[PlyCount "55"]
[EventDate "2024.11.06"]
[EventType "team-tourn"]
[EventCountry "GER"]
[SourceTitle "playchess.com"]
[Source "ChessBase"]
[SourceQuality "1"]
[TimeControl "40/5400+30:1800+30"]

1. e4 c5 2. Nf3 d6 3. Bb5+ Nd7 4. O-O a6 5. Be2 Ngf6 6. d3 g6 7. c4 b5 8. d4 cxd4 9. Nxd4 Bg7 10. cxb5 O-O 11. Nc3 Nc5 12. f3 axb5 13. Bxb5 Ba6 14. Bxa6 Rxa6 15. Be3 Qb8 16. Ndb5 Nfd7 17. Qe2 Na4 18. Rab1 Nxc3 19. Nxc3 Qa8 20. Nd5 Rxa2 21. Nxe7+ Kh8 22. Qd1 Ne5 23. Bd4 Qb7 24. Nd5 f5 25. Bc3 fxe4 26. fxe4 Rxf1+ 27. Qxf1 Ng4 28. Qf8# 1-0

[Event "Frauenbundesliga 2024-25"]
[Site "Germany"]
[Date "2025.02.15"]
[Round "5.9"]
[White "Sieber, Fiona"]
[Black "Khotenashvili, Bella"]
[Result "0-1"]
[Annotator "ChessBase"]
[ECO "B12"]
[WhiteElo "2274"]
[BlackElo "2419"]
[PlyCount "114"]
[EventDate "2024.11.06"]
[EventType "team-tourn"]
[EventCountry "GER"]
[SourceTitle "playchess.com"]
[Source "ChessBase"]
[SourceQuality "1"]
[TimeControl "40/5400+30:1800+30"]

1. e4 c6 2. d4 d5 3. e5 Bf5 4. Nd2 Qb6 5. Nb3 a5 6. a4 e6 7. Nf3 h6 8. Be2 Na6 9. c3 Ne7 10. O-O Bh7 11. Bd2 Nf5 12. g4 Ne7 13. c4 dxc4 14. Nxa5 Nd5 15. Nxc4 Qd8 16. Qb3 Nab4 17. Rfc1 Be7 18. a5 Ra7 19. Ra4 Na6 20. Nd6+ Bxd6 21. exd6 Nb8 22. Bb4 Nxb4 23. Rxb4 O-O 24. Rxb7 Rxa5 25. Qb6 Qxb6 26. Rxb6 Rd5 27. b4 Rxd6 28. b5 Be4 29. Ne5 f6 30. Nxc6 Nxc6 31. bxc6 Rc8 32. f3 Rdxc6 33. Rcxc6 Bxc6 34. Bc4 Kf7 35. Kf2 g5 36. Ke3 Ke7 37. Ra6 Bd7 38. Kd3 Bc6 39. Ke3 Rc7 40. Rb6 Bd7 41. Kd3 Ra7 42. Ra6 Rb7 43. Ke3 Rb2 44. Ra7 f5 45. f4 gxf4+ 46. Kxf4 Rb4 47. Bd3 fxg4 48. Ke5 Rb3 49. Bc4 Rb2 50. Ra2 Rb4 51. Bd3 Rb3 52. Bc4 Rc3 53. Be2 h5 54. Kf4 Kf6 55. Ra5 Rh3 56. d5 e5+ 57. Ke4 Bf5# 0-1

[Event "Frauenbundesliga 2024-25"]
[Site "Germany"]
[Date "2025.02.15"]
[Round "5.9"]
[White "Peglau, Dora"]
[Black "Khrapko, Marharyta"]
[Result "0-1"]
[Annotator "NA"]
[ECO "E65"]
[WhiteElo "2134"]
[BlackElo "2126"]
[PlyCount "116"]
[EventDate "2024.11.06"]
[EventType "team-tourn"]
[EventCountry "GER"]
[SourceTitle "playchess.com"]
[Source "ChessBase"]
[SourceQuality "1"]
[TimeControl "40/5400+30:1800+30"]

1. Nf3 Nf6 2. c4 g6 3. g3 Bg7 4. Bg2 O-O 5. O-O d6 6. d4 c5 7. Nc3 Nbd7 8. e4 cxd4 9. Nxd4 Ne5 10. b3 Bg4 11. f3 Bd7 12. Be3 a6 13. Qd2 Rc8 14. Rac1 Re8 15. h3 Nc6 16. f4 Nxd4 17. Bxd4 Bc6 18. Nd5 Bxd5 19. cxd5 Nd7 20. Bxg7 Kxg7 21. Qd4+ Kg8 22. e5 Qb6 23. Qxb6 Nxb6 24. e6 a5 25. exf7+ Kxf7 26. Bf3 Nd7 27. Rxc8 Rxc8 28. Bg4 Ke8 29. Bxd7+ Kxd7 30. f5 Rc3 31. f6 exf6 32. Rxf6 Rxg3+ 33. Kh2 Re3 34. Rf7+ Re7 35. Rf2 Kc7 36. Kg3 Kb6 37. h4 Kc5 38. Rd2 b5 39. Kf4 Re5 40. Rc2+ Kxd5 41. Rc7 Re4+ 42. Kg5 h6+ 43. Kxh6 Rxh4+ 44. Kxg6 Rh2 45. a4 bxa4 46. bxa4 Rh4 47. Kf5 Rxa4 48. Rc1 Rd4 49. Rc7 Rc4 50. Ra7 a4 51. Ra6 Kc5 52. Ke6 Rd4 53. Ra8 Kb4 54. Rb8+ Kc3 55. Kd7 a3 56. Ra8 Kb3 57. Rb8+ Rb4 58. Rh8 a2 0-1

[Event "Frauenbundesliga 2024-25"]
[Site "Germany"]
[Date "2025.02.15"]
[Round "5.10"]
[White "Bulmaga, Irina"]
[Black "Movsesian, Julia"]
[Result "1-0"]
[Annotator "ChessBase"]
[ECO "C50"]
[WhiteElo "2386"]
[BlackElo "2216"]
[PlyCount "157"]
[EventDate "2024.11.06"]
[EventType "team-tourn"]
[EventCountry "GER"]
[SourceTitle "playchess.com"]
[Source "ChessBase"]
[SourceQuality "1"]
[TimeControl "40/5400+30:1800+30"]

1. e4 e5 2. Nf3 Nc6 3. Bc4 Nf6 4. d3 Bc5 5. a4 a6 6. a5 d6 7. Bg5 h6 8. Bh4 Nd4 9. Nxd4 Bxd4 10. c3 Ba7 11. Nd2 Qe7 12. h3 Bd7 13. Nf1 c6 14. Qe2 O-O-O 15. Ne3 Be6 16. Bxe6+ fxe6 17. Nc4 g5 18. Bg3 Qf7 19. d4 Nh5 20. Bh2 Nf4 21. Bxf4 gxf4 22. dxe5 dxe5 23. Rd1 Qg7 24. Rxd8+ Rxd8 25. Qg4 Qf6 26. Ke2 Qe7 27. b3 Qd7 28. Qf3 Kb8 29. Re1 Ka8 30. Rc1 Bc5 31. Ke1 Ba7 32. Rc2 Qe7 33. Qh5 Qg7 34. Kf1 Bb8 35. Qe2 Ba7 36. Rd2 Rg8 37. Qf3 Qe7 38. Qd3 Qg5 39. Qf3 Qe7 40. Qd1 Qg5 41. Qg4 Qxg4 42. hxg4 Bb8 43. f3 h5 44. gxh5 Rh8 45. Nb6+ Ka7 46. Rd7 Rxh5 47. b4 Rh1+ 48. Ke2 Ra1 49. Kd3 Rg1 50. Rg7 Rd1+ 51. Kc4 Rd8 52. Rd7 Rxd7 53. Nxd7 Bd6 54. Nc5 b5+ 55. axb6+ Kxb6 56. Nxe6 a5 57. bxa5+ Kxa5 58. Ng7 Kb6 59. Nf5 Bf8 60. g4 fxg3 61. Nxg3 Bh6 62. Nf5 Bf4 63. Ng7 Bh6 64. Ne6 Bc1 65. Nc5 Bf4 66. Kb4 Bg3 67. Nd3 Bh2 68. c4 Bg3 69. Kc3 Ka5 70. Nc1 Ka4 71. Ne2 Bf2 72. f4 exf4 73. Nxf4 Be1+ 74. Kd3 Kb4 75. e5 Kc5 76. Ne6+ Kb4 77. Nd4 Kc5 78. Nf5 Kb6 79. e6 1-0

[Event "Frauenbundesliga 2024-25"]
[Site "Germany"]
[Date "2025.02.15"]
[Round "5.10"]
[White "Giss, Helene"]
[Black "Braeutigam, Katerina"]
[Result "0-1"]
[Annotator "NA"]
[ECO "B15"]
[WhiteElo "2040"]
[BlackElo "1981"]
[PlyCount "88"]
[EventDate "2024.11.06"]
[EventType "team-tourn"]
[EventCountry "GER"]
[SourceTitle "playchess.com"]
[Source "ChessBase"]
[SourceQuality "1"]
[TimeControl "40/5400+30:1800+30"]

1. e4 c6 2. d4 g6 3. Nc3 Bg7 4. f4 d5 5. e5 Qb6 6. a4 a5 7. Nf3 h5 8. Ra3 Na6 9. Be3 Nb4 10. Ne2 Bf5 11. Rc3 Nh6 12. Ng3 Bd7 13. Rb3 Ng4 14. Bg1 h4 15. Ne2 Bf5 16. Rc3 Na2 17. Rb3 Nb4 18. Rc3 Be4 19. h3 Bxf3 20. Rxf3 Nh6 21. c3 Na6 22. Qc2 Nf5 23. Bf2 e6 24. Nc1 Bf8 25. Bd3 Be7 26. Ne2 c5 27. g4 hxg3 28. Nxg3 Nxg3 29. dxc5 Nxc5 30. Bb5+ Kf8 31. Bxg3 Ne4 32. Ke2 Bh4 33. Bxh4 Rxh4 34. Qd3 Kg7 35. Qe3 Qc7 36. Qd4 Rah8 37. c4 Ng5 38. Rg3 Nxh3 39. Rf1 dxc4 40. Bxc4 Rd8 41. Qe4 Qb6 42. Rb3 Qd4 43. Bd3 Nxf4+ 44. Kf3 Nxd3 0-1

[Event "Frauenbundesliga 2024-25"]
[Site "Germany"]
[Date "2025.02.15"]
[Round "5.11"]
[White "Schoene, Maria"]
[Black "Atalik, Ekaterina"]
[Result "0-1"]
[Annotator "ChessBase"]
[ECO "B14"]
[WhiteElo "2178"]
[BlackElo "2385"]
[PlyCount "98"]
[EventDate "2024.11.06"]
[EventType "team-tourn"]
[EventCountry "GER"]
[SourceTitle "playchess.com"]
[Source "ChessBase"]
[SourceQuality "1"]
[TimeControl "40/5400+30:1800+30"]

1. e4 c6 2. d4 d5 3. exd5 cxd5 4. c4 Nf6 5. Nc3 g6 6. cxd5 Bg7 7. Bc4 Nbd7 8. Nge2 Nb6 9. Qb3 O-O 10. O-O Nxc4 11. Qxc4 b6 12. Nf4 Bb7 13. Re1 Qd7 14. h3 Rac8 15. Qb3 Rfe8 16. Bd2 Ba6 17. Rac1 g5 18. Nfe2 h6 19. Ng3 Bc4 20. Qc2 Bxd5 21. Nf5 Bf8 22. Qd3 e6 23. Ne3 Bb7 24. Nc4 Red8 25. Ne2 Bg7 26. b3 Ne4 27. Be3 Nd6 28. Ne5 Qe7 29. Rxc8 Rxc8 30. Rc1 Rxc1+ 31. Bxc1 Nf5 32. Qc4 Qd8 33. Bb2 Bxe5 34. dxe5 Qd1+ 35. Kh2 Qf1 36. Qg4 Qxf2 37. Bd4 Qf1 38. Bg1 Nh4 39. Nd4 Bxg2 40. a4 Bd5 41. Qg3 Qb1 42. Qe3 Ng2 43. Qe2 Nf4 44. Qe3 Qf1 45. Qg3 Kf8 46. b4 Qb1 47. Qe3 Qxb4 48. h4 Qb2+ 49. Bf2 Nd3 0-1

[Event "Frauenbundesliga 2024-25"]
[Site "Germany"]
[Date "2025.02.15"]
[Round "5.11"]
[White "Just, Anita"]
[Black "Werner, Carolin"]
[Result "1-0"]
[Annotator "NA"]
[ECO "B33"]
[WhiteElo "1906"]
[BlackElo "1973"]
[PlyCount "107"]
[EventDate "2024.11.06"]
[EventType "team-tourn"]
[EventCountry "GER"]
[SourceTitle "playchess.com"]
[Source "ChessBase"]
[SourceQuality "1"]
[TimeControl "40/5400+30:1800+30"]

1. e4 c5 2. Nf3 Nc6 3. d4 cxd4 4. Nxd4 Nf6 5. Nc3 e5 6. Ndb5 d6 7. Bg5 a6 8. Na3 b5 9. Bxf6 gxf6 10. Nd5 Bg7 11. c3 Ne7 12. Nxe7 Qxe7 13. Nc2 f5 14. exf5 Bxf5 15. Qf3 O-O 16. Qxf5 d5 17. Be2 Rac8 18. O-O Rc6 19. Nb4 Rd6 20. Rad1 Rfd8 21. Bh5 a5 22. Nc2 Re6 23. Ne3 d4 24. Nc2 b4 25. cxd4 exd4 26. Qf3 Qc7 27. Ne1 Rf6 28. Qg3 Qc5 29. Be2 Qd5 30. Qb3 Qd6 31. Bc4 Rd7 32. Qg3 Qc5 33. b3 Rg6 34. Qf3 Qd6 35. Nd3 Rh6 36. g3 Rf6 37. Qa8+ Bf8 38. Qxa5 Kg7 39. Qg5+ Kh8 40. Qe5 Qb6 41. Rfe1 Ra7 42. Nf4 d3 43. Nxd3 Rxa2 44. Re2 Ra5 45. Qb2 Qd8 46. Bxf7 Kg7 47. Bc4 Bc5 48. Re4 Kf8 49. Rde1 Qd6 50. Re8+ Kg7 51. Rg8+ Kh6 52. Qd2+ Rf4 53. Qxf4+ Qxf4 54. Re6+ 1-0

[Event "Frauenbundesliga 2024-25"]
[Site "Germany"]
[Date "2025.02.15"]
[Round "5.12"]
[White "Daulyte-Cornette, Deimante"]
[Black "Kanakova, Natalie"]
[Result "1-0"]
[Annotator "ChessBase"]
[ECO "B45"]
[WhiteElo "2384"]
[BlackElo "2162"]
[PlyCount "117"]
[EventDate "2024.11.06"]
[EventType "team-tourn"]
[EventCountry "GER"]
[SourceTitle "playchess.com"]
[Source "ChessBase"]
[SourceQuality "1"]
[TimeControl "40/5400+30:1800+30"]

1. e4 c5 2. Nf3 e6 3. d4 cxd4 4. Nxd4 Nf6 5. Nc3 Nc6 6. Be2 Bb4 7. O-O O-O 8. Nxc6 dxc6 9. e5 Bxc3 10. bxc3 Nd5 11. Qd4 b6 12. Bd3 Ne7 13. Qe4 Ng6 14. Ba3 Re8 15. Qxc6 Bd7 16. Qd6 Rc8 17. Rfd1 Bc6 18. Qxd8 Rcxd8 19. Bd6 f6 20. Re1 Nh4 21. f3 Nf5 22. Ba3 Kf7 23. Kf2 Rc8 24. c4 Bb7 25. Rad1 Rc7 26. g4 Nh4 27. Bd6 Rcc8 28. Re3 Ng6 29. Rb1 Ba8 30. Kg3 fxe5 31. Bxe5 Nxe5 32. Rxe5 Kf6 33. Rbe1 Bb7 34. f4 Ba6 35. R1e4 Bb7 36. Re2 Ba6 37. f5 Bxc4 38. Bxc4 Rxc4 39. fxe6 Ke7 40. Rf5 Rf8 41. Rxf8 Kxf8 42. Rf2+ Ke7 43. Rf7+ Kxe6 44. Rxg7 Rc3+ 45. Kf4 Rxc2 46. Rxh7 Rxa2 47. h4 Kf6 48. g5+ Kg6 49. Rh6+ Kg7 50. Kg4 b5 51. Rd6 b4 52. Rd7+ Kf8 53. h5 a5 54. h6 Rg2+ 55. Kf5 Rh2 56. h7 b3 57. g6 b2 58. g7+ Ke8 59. Rb7 1-0

[Event "Frauenbundesliga 2024-25"]
[Site "Germany"]
[Date "2025.02.15"]
[Round "5.12"]
[White "Spiel, Marianne"]
[Black "Peglau, Sarah"]
[Result "0-1"]
[Annotator "NA"]
[ECO "C06"]
[WhiteElo "1887"]
[BlackElo "1878"]
[PlyCount "59"]
[EventDate "2024.11.06"]
[EventType "team-tourn"]
[EventCountry "GER"]
[SourceTitle "playchess.com"]
[Source "ChessBase"]
[SourceQuality "1"]
[TimeControl "40/5400+30:1800+30"]

1. e4 e6 2. d4 d5 3. Nd2 Nf6 4. e5 Nfd7 5. Bd3 c5 6. c3 Nc6 7. Ne2 Be7 8. O-O Qb6 9. Nf3 O-O 10. Nf4 Kh8 11. Bc2 Re8 12. Re1 Nf8 13. a3 Bd7 14. b4 cxd4 15. cxd4 a5 16. bxa5 Nxa5 17. Rb1 Qa7 18. a4 Nc4 19. Qd3 Reb8 20. Bb3 Nb6 21. Ra1 Nxa4 22. Ba3 Bxa3 23. Rxa3 Qa5 24. Rea1 b5 25. h4 Qb4 26. Ng5 Kg8 27. Bxd5 Nb2 28. Qe3 Rxa3 29. Rxa3 Nd1 30. Qf3 0-1

[Event "Frauenbundesliga 2024-25"]
[Site "Germany"]
[Date "2025.02.16"]
[Round "6"]
[White "Roebers, Eline"]
[Black "Pipiras, Filipa Fortuna"]
[Result "1-0"]
[Annotator "ChessBase"]
[ECO "B40"]
[WhiteElo "2361"]
[BlackElo "2200"]
[PlyCount "89"]
[EventDate "2024.11.06"]
[EventType "team-tourn"]
[EventCountry "GER"]
[SourceTitle "playchess.com"]
[Source "ChessBase"]
[SourceQuality "1"]
[TimeControl "40/5400+30:1800+30"]

1. e4 c5 2. Nf3 e6 3. h3 Nc6 4. Nc3 d6 5. d4 cxd4 6. Nxd4 Nf6 7. f4 Be7 8. Be3 O-O 9. Qf3 Bd7 10. O-O-O Qc7 11. g4 Nxd4 12. Bxd4 Bc6 13. g5 Nd7 14. h4 a6 15. h5 e5 16. Be3 exf4 17. Bxf4 b5 18. Qg3 b4 19. Nd5 Bxd5 20. Rxd5 Ne5 21. Bxe5 dxe5 22. Qxe5 Rfc8 23. Qxc7 Rxc7 24. b3 Rc5 25. Rxc5 Bxc5 26. g6 Kf8 27. Bc4 h6 28. gxf7 a5 29. Rd1 Be7 30. e5 a4 31. bxa4 Rxa4 32. Rd7 Ra8 33. Kb2 Rb8 34. c3 Rc8 35. Kb3 bxc3 36. Kxc3 Rc6 37. Rb7 Rc8 38. a4 Bd8 39. e6 Bf6+ 40. Kb3 Bd8 41. a5 Bf6 42. a6 Be7 43. a7 Bd6 44. e7+ Bxe7 45. Rb8 1-0

[Event "Frauenbundesliga 2024-25"]
[Site "Germany"]
[Date "2025.02.16"]
[Round "6"]
[White "Voicu-Jagodzinsky, Carmen"]
[Black "Socko, Monika"]
[Result "1/2-1/2"]
[Annotator "ChessBase"]
[ECO "C15"]
[WhiteElo "2217"]
[BlackElo "2367"]
[PlyCount "66"]
[EventDate "2024.11.06"]
[EventType "team-tourn"]
[EventCountry "GER"]
[SourceTitle "playchess.com"]
[Source "ChessBase"]
[SourceQuality "1"]
[TimeControl "40/5400+30:1800+30"]

1. e4 e6 2. d4 d5 3. Nc3 Bb4 4. exd5 exd5 5. Bd3 Ne7 6. Qh5 Be6 7. Nf3 Nbc6 8. a3 Bxc3+ 9. bxc3 Qd7 10. h3 Bf5 11. O-O Bg6 12. Qg5 O-O-O 13. Rb1 h6 14. Qd2 Be4 15. Qe2 Bxd3 16. cxd3 g5 17. Ne5 Nxe5 18. dxe5 Nc6 19. f4 d4 20. c4 Rde8 21. Rb5 gxf4 22. Bxf4 Rhg8 23. Qh5 Rg6 24. Kh1 Reg8 25. Rf2 f6 26. e6 Qxe6 27. Re2 Ne5 28. Bxe5 fxe5 29. Rbxe5 Qf6 30. Rf5 Qc6 31. Rd5 Qf6 32. Rf5 Qc6 33. Rd5 Qf6 1/2-1/2

[Event "Frauenbundesliga 2024-25"]
[Site "Germany"]
[Date "2025.02.16"]
[Round "6"]
[White "Trunz, Michelle"]
[Black "Papp, Sarah"]
[Result "0-1"]
[Annotator "ChessBase"]
[ECO "E11"]
[WhiteElo "2161"]
[BlackElo "2274"]
[PlyCount "93"]
[EventDate "2024.11.06"]
[EventType "team-tourn"]
[EventCountry "GER"]
[SourceTitle "playchess.com"]
[Source "ChessBase"]
[SourceQuality "1"]
[TimeControl "40/5400+30:1800+30"]

1. d4 Nf6 2. c4 e6 3. Nf3 d5 4. g3 Bb4+ 5. Bd2 Be7 6. Bg2 O-O 7. O-O Nbd7 8. Qc2 c6 9. Bf4 a5 10. b3 b6 11. Nbd2 Nh5 12. Be3 Ba6 13. Rfd1 f5 14. Ne5 Rc8 15. Ndf3 Bd6 16. Bf4 Nxf4 17. gxf4 Nf6 18. Ng5 Qe8 19. e3 h6 20. Nh3 Qh5 21. f3 c5 22. Qf2 Rfd8 23. Rac1 cxd4 24. exd4 Ba3 25. Rc2 Ne4 26. Qe2 Nd6 27. Nd3 dxc4 28. Qxe6+ Qf7 29. Qxf7+ Nxf7 30. Ndf2 cxb3 31. Rxc8 Rxc8 32. axb3 Rc3 33. Rb1 Bb7 34. Bf1 Nd6 35. Nd1 Rc1 36. Rxc1 Bxc1 37. Bd3 Bxf3 38. Bc2 Nb5 39. Nhf2 Nxd4 40. Bd3 Bxf4 41. Nc3 Bc6 42. Bc4+ Kf8 43. Nd5 Bxd5 44. Bxd5 Be3 45. Kg2 Bxf2 46. Kxf2 f4 47. Ke1 0-1

[Event "Frauenbundesliga 2024-25"]
[Site "Germany"]
[Date "2025.02.16"]
[Round "6"]
[White "Scognamiglio, Stefanie"]
[Black "Moeller, Lisa-Marie"]
[Result "1-0"]
[Annotator "NA"]
[ECO "B20"]
[WhiteElo "2093"]
[BlackElo "1966"]
[PlyCount "79"]
[EventDate "2024.11.06"]
[EventType "team-tourn"]
[EventCountry "GER"]
[SourceTitle "playchess.com"]
[Source "ChessBase"]
[SourceQuality "1"]
[TimeControl "40/5400+30:1800+30"]

1. e4 c5 2. c4 Nc6 3. g3 e6 4. Bg2 g6 5. Ne2 Bg7 6. Nbc3 Nge7 7. O-O O-O 8. d3 d6 9. Rb1 a6 10. a3 Nd4 11. Nxd4 cxd4 12. Ne2 Rb8 13. Bg5 e5 14. Qc1 Be6 15. Bh6 Qd7 16. Bxg7 Kxg7 17. f4 f5 18. b3 fxe4 19. dxe4 Bg4 20. Qd2 b5 21. fxe5 dxe5 22. Rxf8 Rxf8 23. Nc1 Bf3 24. Nd3 Bxg2 25. Qxg2 Qe6 26. cxb5 axb5 27. Qe2 Rc8 28. b4 Rc3 29. Rf1 Ng8 30. Nc5 Qc6 31. Qa2 Rc4 32. Qf2 Nf6 33. g4 g5 34. h4 h6 35. Qf5 Rxc5 36. bxc5 gxh4 37. Qxe5 d3 38. Qe7+ Kg6 39. e5 Nxg4 40. Qf7+ 1-0

[Event "Frauenbundesliga 2024-25"]
[Site "Germany"]
[Date "2025.02.16"]
[Round "6"]
[White "Trunz, Elena"]
[Black "Rogozenco, Teodora"]
[Result "1-0"]
[Annotator "NA"]
[ECO "C77"]
[WhiteElo "2089"]
[BlackElo "2013"]
[PlyCount "53"]
[EventDate "2024.11.06"]
[EventType "team-tourn"]
[EventCountry "GER"]
[SourceTitle "playchess.com"]
[Source "ChessBase"]
[SourceQuality "1"]
[TimeControl "40/5400+30:1800+30"]

1. e4 e5 2. Nf3 Nc6 3. Bb5 a6 4. Ba4 Nf6 5. d3 b5 6. Bb3 Be7 7. c3 O-O 8. O-O d5 9. exd5 Nxd5 10. Re1 Bf6 11. Be3 Bg4 12. Nbd2 Nxe3 13. Rxe3 Bg5 14. Re4 Bh5 15. g4 Bxd2 16. Qxd2 Bg6 17. Re3 Re8 18. Rae1 Qd7 19. h3 Rad8 20. Nxe5 Nxe5 21. Rxe5 c5 22. Rxc5 h5 23. Rd5 Qc8 24. Rxe8+ Rxe8 25. Rg5 hxg4 26. Rxg6 Qf5 27. Rxg4 1-0

[Event "Frauenbundesliga 2024-25"]
[Site "Germany"]
[Date "2025.02.16"]
[Round "6"]
[White "Zhou, Lepu Coco"]
[Black "Kulovana, Eva"]
[Result "1/2-1/2"]
[Annotator "NA"]
[ECO "B12"]
[WhiteElo "2040"]
[BlackElo "2112"]
[PlyCount "147"]
[EventDate "2024.11.06"]
[EventType "team-tourn"]
[EventCountry "GER"]
[SourceTitle "playchess.com"]
[Source "ChessBase"]
[SourceQuality "1"]
[TimeControl "40/5400+30:1800+30"]

1. e4 c6 2. d4 d5 3. e5 c5 4. c4 cxd4 5. Nf3 Bg4 6. cxd5 Qxd5 7. Nc3 Qa5 8. Qxd4 Bxf3 9. gxf3 Nc6 10. Bb5 Qxb5 11. Nxb5 Nxd4 12. Nxd4 e6 13. Nb5 Rd8 14. Be3 Bb4+ 15. Ke2 a6 16. Nc7+ Kf8 17. Rhd1 Be7 18. Bb6 Rxd1 19. Rxd1 h5 20. Rd7 h4 21. Na8 Rh5 22. f4 g5 23. Rxb7 gxf4 24. Bd4 Rg5 25. Rb3 Nh6 26. Rf3 Ng4 27. Rxf4 Nxe5 28. Rxh4 Ng6 29. Re4 e5 30. Be3 Rg2 31. Nc7 Rxh2 32. Nxa6 f5 33. Rc4 e4 34. Nc7 Kf7 35. Nd5 Bd6 36. Bc5 Be5 37. Bd4 Bxd4 38. Rxd4 Ke6 39. Nc7+ Ke5 40. Rd5+ Kf6 41. Rd6+ Kf7 42. Nd5 f4 43. Nc3 e3 44. Ne4 Kg7 45. Rd7+ Kg8 46. Rd5 Ne7 47. Rh5 Rxh5 48. Nf6+ Kf7 49. Nxh5 exf2 50. Nxf4 Kf6 51. Kxf2 Ke5 52. Nd3+ Kd4 53. Ke2 Nf5 54. a4 Kc4 55. b4 Nd4+ 56. Kd2 Kb3 57. a5 Kc4 58. a6 Nb5 59. Ke3 Na7 60. Ke4 Kb5 61. Kd5 Kxa6 62. Kc5 Kb7 63. Ne5 Kc7 64. Nc4 Kb7 65. Nd6+ Kc7 66. Kd5 Kb6 67. Kc4 Kc6 68. Ne8 Kb6 69. Nf6 Nc6 70. b5 Na7 71. Nd5+ Kb7 72. b6 Nc8 73. Kc5 Nxb6 74. Nxb6 1/2-1/2